Map: Nightscape LE

Players

Massa - Winner!

  • Race: Terran Terran
  • League: Platinum

qqq - Winner!

  • Race: Zerg Zerg

Xeno

  • Race: Zerg Zerg
  • League: Diamond

Potet

  • Race: Zerg Zerg

VOD

Have the link to the VOD?

Description

Time

  • Played on: April 26, 2021, 11:56 a.m.
  • Length: 20:35
Show
View Real Time Build Order
Export as new Build Order

Massa Terran - Winner!

Build Orders: Hellion Banshee 

Get SALT Encoding   

  12  0:00  SCV  
  13  0:12  SCV  
  14  0:22  Supply Depot  
  14  0:24  SCV  
  15  0:42  Refinery  
  15  0:44  SCV  
  15  0:45  Barracks  
  16  0:56  SCV  
  17  1:08  SCV  
  18  1:20  SCV  
  19  1:32  Marine  
  19  1:34  Orbital Command  
  20  1:42  Command Center  
  20  1:52  Supply Depot  
  20  2:00  Factory  
  20  2:05  SCV  
  21  2:10  Barracks Reactor  
  21  2:20  SCV  
  22  2:33  SCV  
  23  2:45  Starport, Hellion  
  23  2:46  Marine x2  
  27  2:53  SCV  
  27  2:55  Orbital Command  
  28  3:04  Marine x2  
  30  3:05  SCV  
  30  3:06  Hellion  
  33  3:13  Supply Depot  
  33  3:22  Marine x2  
  33  3:29  SCV x2  
  33  3:31  Refinery  
  33  3:32  Starport Tech Lab  
  35  3:47  Hellion x2  
  39  3:52  Banshee  
  39  3:54  SCV x2  
  44  4:01  Command Center  
  44  4:02  Cloaking Field  
  44  4:05  Barracks Tech Lab  
  44  4:09  Hellion x2  
  44  4:30  Hellion x2  
  48  4:51  Hellion x2  
  46  5:11  Banshee  
  46  5:13  Widow Mine x2  
  42  5:20  Marine  
  43  5:22  Stimpack  
  43  5:23  SCV x2  
  45  5:34  Widow Mine x2  
  45  5:35  SCV x2  
  47  5:38  Marine  
  47  5:47  SCV  
  48  6:06  SCV x2  
  48  6:09  Orbital Command  
  50  6:11  Banshee  
  50  6:18  SCV x2  
  54  6:20  Marauder  
  54  6:22  Hellion x2  
  55  6:30  SCV x2  
  57  6:42  SCV, Marauder  
  57  6:43  Hellion  
  57  6:44  Hellion  
  64  6:54  Banshee  
  64  7:44  Barracks  
  64  7:45  Marauder  
  64  7:46  Barracks x2, Concussive Shells  
  64  7:49  Widow Mine, Barracks  
  68  7:56  SCV  
  68  7:57  Supply Depot  
  68  7:58  Supply Depot x4  
  69  8:13  Starport Reactor  
  69  8:19  Widow Mine x2, SCV x3, Marauder  
  78  8:21  Engineering Bay  
  78  8:22  Armory, Supply Depot  
  78  8:23  Engineering Bay  
  78  8:24  Refinery  
  78  8:25  Supply Depot  
  78  8:31  SCV x3  
  81  8:41  Widow Mine, Marauder  
  85  8:43  SCV x2  
  87  8:55  SCV  
  88  9:05  Barracks Reactor  
  88  9:06  Barracks Reactor, Barracks Tech Lab  
  88  9:07  SCV, Medivac x2  
  95  9:10  Marauder x2  
  99  9:31  Marauder x2  
  99  9:37  Medivac  
  103  9:39  Marauder  
  105  9:46  Combat Shield  
  105  9:47  Marine  
  105  9:48  Marine x3  
  103  9:53  Marauder x2  
  105  10:00  Marauder  
  105  10:04  Widow Mine x2  
  105  10:05  Marine x3  
  105  10:06  Marine  
  113  10:14  Marauder x2  
  115  10:21  Marauder  
  115  10:25  Widow Mine x2  
  121  10:30  SCV x2  
  121  10:33  SCV  
  124  10:40  Missile Turret  
  124  10:42  SCV x2, Marine x2, Missile Turret  
  125  10:51  Supply Depot  
  125  10:53  Supply Depot  
  125  10:54  Terran Infantry Weapons Level 1, Supply Depot x2  
  125  10:55  Supply Depot  
  125  10:58  Supply Depot x2  
  125  11:01  Marauder  
  125  11:03  Missile Turret  
  125  11:08  SCV x2  
  125  11:10  SCV, Marine  
  125  11:11  Marine x4  
  125  11:13  Widow Mine x2, Marauder  
  116  11:22  SCV, Marauder  
  116  11:23  Command Center  
  108  11:28  Marine  
  108  11:29  Marine x3  
  108  11:30  Marauder  
  114  11:34  Marauder  
  112  11:44  Marauder  
  105  11:49  Medivac  
  105  11:51  Marauder  
  102  11:56  Marauder  
  102  11:58  Widow Mine x2  
  102  11:59  Marine x2  
  102  12:00  Marine x2  
  108  12:05  Refinery x2  
  108  12:09  Missile Turret  
  108  12:19  Widow Mine x2  
  108  12:20  Terran Infantry Armor Level 1  
  112  12:27  Refinery  
  112  12:29  Missile Turret  
  112  12:32  Missile Turret  
  112  12:33  Missile Turret  
  112  12:34  Missile Turret x2  
  112  12:37  Planetary Fortress  
  112  12:38  Refinery  
  112  12:41  Missile Turret  
  112  12:42  Refinery  
  112  12:48  Widow Mine x2  
  116  12:55  Factory  
  116  12:56  Command Center  
  116  12:59  Marauder  
  116  13:00  Marauder x2, Marine  
  116  13:01  Marine x3  
  116  13:02  Missile Turret  
  126  13:18  Marine x2  
  127  13:21  Marauder  
  127  13:26  Command Center  
  129  13:27  Widow Mine  
  129  13:28  Widow Mine  
  133  13:38  Sensor Tower  
  133  13:41  Sensor Tower  
  133  13:42  Marauder x3, Marine x2  
  141  13:49  Widow Mine x2, Factory Tech Lab  
  145  14:03  Marauder  
  145  14:09  Marauder x2, Marine  
  152  14:10  Marine x3  
  152  14:12  Widow Mine x2  
  152  14:17  Medivac x2  
  161  14:18  SCV  
  161  14:19  SCV x3  
  167  14:24  Marauder  
  167  14:27  Marine x2  
  167  14:28  Marine x2  
  167  14:30  Marauder x2  
  167  14:31  SCV x2  
  179  14:33  Widow Mine x2  
  173  14:46  Marauder  
  173  14:47  Medivac x2  
  179  14:54  Widow Mine  
  153  15:34  Widow Mine, Siege Tank  
  153  15:35  Widow Mine, Drilling Claws  
  131  15:57  Marauder  
  131  15:58  Marauder x2, Marine x4  
  131  15:59  Widow Mine x2  
  143  16:06  Siege Tank  
  146  16:14  Medivac x2  
  146  16:16  Marine x3  
  153  16:19  Marauder x3  
  153  16:35  Marine x4  
  153  16:38  Siege Tank  
  158  16:40  Marauder  
  158  16:41  Marauder x2  
  158  16:44  Widow Mine x2, Medivac x2  
  172  16:52  Marine  
  172  16:53  Marine x3  
  172  16:54  Smart Servos  
  176  17:02  Marauder x3  
  176  17:05  Widow Mine  
  176  17:06  Widow Mine  
  180  17:10  Marine, Siege Tank  
  176  17:18  Marine x2  
  176  17:19  Marine  
  174  17:23  Marauder x3  
  174  17:27  Widow Mine  
  153  17:42  Siege Tank  
  152  17:44  Marauder  
  142  18:05  Marauder x2  
  144  18:06  Marauder, Marine x4  
  138  18:14  Widow Mine x2, Siege Tank  
  140  18:23  Marine  
  140  18:24  Marine x3  
  140  18:26  Marauder x2  
  130  18:27  Marauder  
  132  18:35  Widow Mine x2, Planetary Fortress  
  128  18:41  Marine  
  128  18:42  Marine x3  
  128  18:47  Widow Mine  
  128  18:48  Marauder x3  
  111  18:59  Marine x3  
  111  19:00  Marine  
  112  19:05  SCV  
  112  19:06  SCV x3  
  112  19:08  Marine  
  112  19:09  Marauder  
  118  19:14  Missile Turret  
  117  19:17  SCV  
  117  19:18  SCV x4  
  117  19:23  Marauder, Marine  
  117  19:24  Marine x3  
  128  19:27  Marauder  
  128  19:30  SCV x5, Marauder  
  137  19:34  Missile Turret  
  137  19:41  Marine x4, Siege Tank  
  137  19:42  Widow Mine x2, SCV x4  
  137  19:43  SCV  
  137  19:44  Marauder  
  155  19:48  Marauder  
  155  19:50  Barracks  
  155  19:52  Marauder  
  159  19:54  SCV x4, Barracks x2  
  159  19:56  Missile Turret  
  159  19:58  Refinery x2  
  163  20:00  Command Center  
  163  20:03  Widow Mine x2  
  163  20:06  Marauder  
  169  20:09  Marauder  
  169  20:13  Marauder  
  176  20:17  Missile Turret  
Show
View Real Time Build Order
Export as new Build Order

qqq Zerg - Winner!

Build Orders: Hatch First 

Get SALT Encoding   

  12  0:17  Drone x2  
  14  0:22  Overlord  
  14  0:53  Hatchery  
  13  1:08  Drone x2  
  13  1:09  Drone  
  16  1:21  Extractor, Spawning Pool  
  16  1:23  Drone  
  15  1:33  Drone  
  16  1:44  Drone  
  17  1:55  Drone  
  18  2:04  Drone  
  18  2:07  Drone  
  20  2:14  Queen  
  24  2:20  Overlord  
  24  2:21  Drone  
  25  2:26  Lair  
  23  2:31  Roach Warren  
  23  2:33  Drone  
  22  2:38  Drone  
  22  2:41  Drone  
  24  2:45  Drone  
  24  2:47  Drone  
  24  2:50  Drone  
  27  2:56  Drone  
  28  3:09  Overlord  
  28  3:19  Queen  
  28  3:24  Glial Reconstitution  
  28  3:30  Extractor, Drone x2  
  28  3:31  Drone x2, Overlord  
  28  3:32  Drone  
  28  3:34  Zergling x2  
  33  3:36  Drone  
  34  3:42  Queen  
  36  3:50  Roach x2  
  36  3:55  Roach  
  42  3:57  Roach  
  44  4:05  Overlord x2  
  44  4:16  Overlord  
  41  4:27  Drone x2  
  41  4:28  Drone  
  36  4:31  Drone x2  
  36  4:32  Drone  
  39  4:39  Roach  
  39  4:41  Roach  
  43  4:47  Roach  
  43  4:51  Roach x2  
  43  4:52  Roach  
  51  4:57  Roach  
  53  5:00  Drone  
  54  5:08  Roach x2  
  54  5:09  Drone  
  54  5:10  Drone  
  60  5:15  Roach  
  62  5:25  Roach  
  62  5:26  Roach  
  61  5:32  Spine Crawler  
  58  5:36  Spine Crawler  
  58  5:37  Drone  
  58  5:38  Drone  
  59  5:53  Drone x3  
  59  5:56  Queen  
  64  6:15  Drone x2, Roach  
  68  6:29  Overlord  
  68  6:30  Overlord x2  
  68  6:41  Spire  
  67  6:49  Drone  
  67  6:50  Drone x2, Hatchery  
  67  6:52  Drone  
  68  7:13  Extractor  
  68  7:15  Extractor  
  66  7:16  Drone x3  
  66  7:17  Drone x4  
  71  7:40  Drone  
  71  7:41  Drone x6  
  80  7:44  Ravager x6  
  80  7:45  Ravager  
  80  7:48  Drone x2  
  87  7:58  Infestation Pit  
  86  8:06  Queen  
  86  8:07  Drone x2  
  86  8:08  Drone  
  86  8:12  Mutalisk x2  
  93  8:17  Hatchery  
  92  8:32  Mutalisk x2  
  92  8:33  Roach  
  98  8:34  Overlord x2  
  98  8:35  Overlord x2  
  98  8:55  Drone x6  
  94  9:07  Mutalisk x3, Roach  
  102  9:14  Hive  
  102  9:30  Mutalisk  
  102  9:31  Mutalisk x2, Roach x2  
  99  9:49  Hatchery  
  94  10:24  Hatchery  
  94  10:27  Hatchery  
  69  11:12  Mutalisk x3  
  69  11:26  Mutalisk  
  71  11:35  Drone  
  71  11:37  Viper  
  71  11:38  Queen  
  71  11:39  Queen x3  
  79  11:46  Extractor  
  82  11:47  Extractor  
  70  11:54  Mutalisk x3, Roach  
  78  12:01  Viper  
  78  12:08  Drone x2  
  83  12:10  Spore Crawler  
  83  12:13  Spore Crawler x2  
  83  12:14  Spore Crawler  
  79  12:20  Mutalisk x2  
  79  12:22  Drone x3  
  86  12:26  Spore Crawler  
  86  12:27  Spore Crawler  
  86  12:29  Mutalisk  
  84  12:30  Drone  
  84  12:34  Zerg Flyer Weapons Level 1  
  87  12:41  Drone x2  
  87  12:42  Mutalisk x2  
  93  12:53  Drone x3  
  96  12:59  Mutalisk  
  96  13:03  Drone x2  
  100  13:22  Queen  
  102  13:27  Viper  
  102  13:28  Mutalisk x3  
  102  13:29  Drone  
  102  13:30  Drone x4  
  116  13:35  Spine Crawler  
  116  13:40  Spine Crawler  
  114  13:43  Spine Crawler  
  114  13:44  Drone  
  114  13:45  Drone  
  114  13:46  Spine Crawler  
  114  13:53  Mutalisk x2  
  118  13:58  Queen  
  118  14:02  Spire  
  119  14:04  Mutalisk x2  
  123  14:14  Drone x6  
  123  14:15  Drone  
  130  14:18  Extractor  
  130  14:19  Extractor  
  128  14:28  Zerg Flyer Armor Level 1  
  128  14:30  Spine Crawler  
  128  14:31  Spine Crawler x2  
  125  14:33  Spine Crawler  
  125  14:35  Spine Crawler  
  123  14:41  Corruptor x2  
  127  15:04  Corruptor x2  
  127  15:05  Corruptor  
  133  15:46  Corruptor  
  135  16:00  Overlord  
  135  16:01  Overlord x7  
  135  16:02  Overlord x4  
  135  16:06  Greater Spire  
  135  16:22  Mutalisk x3  
  135  16:23  Drone x3  
  135  16:24  Drone  
  141  16:38  Viper x2  
  141  16:39  Viper  
  133  17:13  Mutalisk x3  
  133  17:14  Mutalisk x5  
  147  17:32  Brood Lord x4  
  147  17:34  Zergling x8  
  157  17:45  Corruptor x2  
  157  17:48  Drone  
  157  17:50  Drone x3  
  162  18:12  Corruptor x3  
  160  18:27  Mutalisk x2  
  154  18:49  Mutalisk x4  
  160  19:03  Hatchery  
  160  19:07  Overseer x2  
  160  19:08  Overseer  
  160  19:09  Pneumatized Carapace  
  159  19:23  Hatchery  
Show
View Real Time Build Order
Export as new Build Order

Xeno Zerg 

Build Orders: Hatch First, Zergling Baneling 

Get SALT Encoding   

  12  0:01  Drone  
  13  0:13  Overlord  
  13  0:16  Drone  
  14  0:32  Drone  
  14  0:33  Drone  
  16  0:54  Drone  
  16  0:55  Hatchery, Drone  
  17  1:10  Extractor  
  16  1:12  Spawning Pool  
  16  1:17  Drone  
  16  1:19  Drone  
  16  1:24  Drone  
  18  1:30  Drone  
  19  1:52  Overlord  
  19  2:00  Queen  
  21  2:04  Zergling x2  
  22  2:14  Queen  
  24  2:16  Metabolic Boost  
  25  2:22  Zergling x2  
  25  2:23  Extractor  
  24  2:34  Drone x5  
  30  2:50  Overlord  
  30  3:00  Baneling Nest  
  29  3:05  Spine Crawler  
  29  3:06  Zergling x4  
  29  3:07  Zergling x4  
  32  3:26  Hatchery  
  29  3:27  Zergling x8  
  33  3:45  Drone, Overlord  
  33  3:46  Drone x3  
  37  3:51  Drone  
  38  3:59  Baneling x5  
  38  4:00  Baneling x2  
  35  4:18  Zergling x4  
  35  4:25  Spine Crawler x2  
  30  4:32  Zergling x2  
  30  4:33  Roach Warren, Zergling x8  
  34  4:46  Zergling x6  
  34  4:48  Spine Crawler  
  36  4:55  Baneling x4  
  36  5:00  Zergling x6  
  36  5:01  Zergling x2  
  40  5:11  Drone  
  40  5:12  Drone x2  
  43  5:21  Spore Crawler  
  42  5:26  Drone x2  
  42  5:28  Drone x3  
  41  5:30  Drone  
  42  5:36  Spore Crawler  
  42  5:39  Drone  
  42  5:40  Drone  
  43  5:48  Baneling  
  40  5:53  Drone  
  40  5:54  Drone x3  
  41  6:02  Baneling x2  
  41  6:03  Baneling  
  39  6:05  Drone  
  39  6:07  Queen  
  42  6:23  Drone  
  42  6:24  Drone x5  
  43  6:30  Spore Crawler  
  43  6:42  Spore Crawler  
  40  7:00  Queen  
  42  7:03  Zergling x6  
  43  7:24  Zergling x2  
  43  7:25  Extractor  
  43  7:41  Lair  
  43  7:53  Overlord x3  
  43  8:00  Extractor  
  43  8:01  Extractor  
  40  8:05  Zergling x2  
  40  8:06  Zergling x6  
  43  8:18  Drone, Spore Crawler  
  43  8:19  Drone x9  
  50  8:34  Hatchery  
  49  8:35  Drone  
  50  8:45  Drone  
  50  8:46  Drone x5  
  50  8:47  Spire  
  53  9:07  Overseer  
  53  9:13  Overlord x3  
  45  9:35  Overseer  
  45  9:43  Infestation Pit  
  44  10:00  Mutalisk x7  
  44  10:01  Mutalisk x2, Spore Crawler  
  61  10:19  Drone x3  
  64  10:35  Hive  
  64  10:38  Spore Crawler  
  61  11:06  Mutalisk x4  
  61  11:09  Zergling x26  
  61  11:10  Zergling x2  
  75  11:23  Zergling x2  
  75  11:24  Zergling x10  
  76  11:38  Zergling x2  
  76  11:39  Zergling x12  
  71  11:45  Zergling x2  
  70  11:52  Mutalisk  
  70  11:53  Mutalisk  
  68  12:15  Viper x2  
  68  12:18  Overlord x3  
  68  12:19  Overlord  
  74  12:25  Hatchery  
  73  12:49  Hatchery  
  73  12:50  Zergling x2  
  76  12:51  Zergling x14  
  80  13:09  Zergling x12  
  80  13:10  Centrifical Hooks  
  85  13:44  Drone x10  
  85  13:45  Drone  
  96  13:49  Baneling  
  96  13:50  Baneling x29  
  96  13:51  Baneling x5  
  96  14:06  Spore Crawler  
  95  14:14  Drone  
  95  14:15  Drone x2  
  98  14:18  Extractor  
  98  14:19  Drone x10, Extractor  
  102  15:07  Zergling x2  
  102  15:08  Zergling x32  
  118  15:23  Zergling x2  
  115  16:04  Overseer x3  
  115  16:08  Zergling x2  
  115  16:09  Zergling x8  
  120  16:13  Overlord  
  120  16:14  Overlord x3  
  117  16:22  Hatchery  
  102  16:43  Viper x6  
  102  16:44  Viper x3  
  127  16:52  Zergling x2  
  127  16:53  Zergling x14  
  127  16:54  Pneumatized Carapace  
  104  18:11  Zergling x2  
  104  18:12  Zergling x26  
  98  18:18  Zergling x6  
  97  18:21  Zergling x2  
  81  19:15  Spawning Pool  
  75  19:27  Mutalisk x13  
  95  20:06  Zergling x2  
  89  20:07  Zergling x18  
Show
View Real Time Build Order
Export as new Build Order

Potet Zerg 

Build Orders: Hatch First 

Get SALT Encoding   

  12  0:00  Drone  
  13  0:12  Overlord  
  13  0:17  Drone  
  14  0:31  Drone x2  
  16  0:40  Drone  
  17  0:55  Hatchery  
  16  1:00  Drone  
  16  1:01  Drone  
  18  1:15  Extractor  
  18  1:16  Spawning Pool  
  18  1:18  Drone  
  17  1:28  Drone  
  17  1:30  Drone  
  19  1:41  Overlord  
  19  2:05  Queen, Zergling x4  
  23  2:08  Queen  
  23  2:09  Zergling x2  
  23  2:14  Drone  
  27  2:20  Metabolic Boost  
  27  2:21  Drone  
  28  2:24  Drone  
  29  2:32  Drone x2  
  31  2:48  Hatchery  
  30  2:53  Drone  
  30  2:54  Drone x2  
  33  3:08  Drone x3  
  36  3:19  Queen  
  35  3:31  Drone  
  35  3:32  Overlord x3  
  36  3:35  Extractor  
  36  3:36  Drone  
  36  3:48  Lair  
  36  3:52  Zergling x8  
  36  3:53  Roach Warren  
  39  3:57  Queen  
  39  4:00  Queen  
  39  4:02  Zergling x8  
  45  4:33  Roach x4  
  45  4:35  Roach  
  45  4:37  Zergling x14  
  53  5:13  Roach x5  
  53  5:14  Roach  
  64  5:23  Drone  
  64  5:26  Overlord x3  
  64  5:27  Overlord  
  65  5:44  Drone x6, Queen x2  
  65  5:45  Drone x2  
  77  5:53  Extractor  
  77  5:55  Spore Crawler  
  75  5:58  Spore Crawler  
  75  5:59  Spore Crawler  
  70  6:20  Glial Reconstitution  
  70  6:28  Roach x7  
  70  6:29  Roach x4  
  92  6:34  Drone x3  
  95  6:48  Roach  
  95  6:49  Overlord x3  
  97  6:59  Spore Crawler  
  96  7:20  Overseer  
  96  7:25  Drone  
  96  7:26  Drone x6  
  96  7:27  Drone x10  
  113  7:31  Extractor  
  110  7:40  Evolution Chamber  
  110  7:42  Evolution Chamber  
  108  7:45  Ravager x2, Hydralisk Den  
  108  7:46  Ravager  
  110  7:53  Extractor  
  110  7:54  Extractor  
  110  7:55  Drone x3  
  110  7:56  Drone  
  112  8:07  Roach x5  
  122  8:16  Hatchery, Overlord x5  
  118  8:32  Roach  
  118  8:33  Roach  
  122  8:35  Roach x3  
  122  8:36  Roach x4  
  122  8:39  Drone x3  
  139  8:41  Drone  
  139  8:42  Drone x2  
  139  8:43  Drone  
  139  8:44  Drone  
  144  9:15  Roach x6  
  144  9:16  Roach x3  
  162  9:27  Overlord x6  
  162  9:29  Overseer  
  134  10:11  Roach  
  134  10:12  Roach x6  
  134  10:13  Roach x10  
  130  10:16  Overseer  
  106  10:23  Overseer x2  
  106  10:26  Hydralisk  
  106  10:27  Hydralisk x4  
  116  10:38  Hydralisk x5  
  116  10:39  Hydralisk x3  
  132  10:42  Zerg Missile Weapons Level 1, Zerg Ground Armor Level 1  
  132  10:44  Muscular Augments  
  108  11:16  Hydralisk  
  108  11:17  Hydralisk x9  
  82  11:30  Roach  
  82  11:31  Roach x8  
  100  11:38  Overseer  
  96  11:55  Grooved Spines  
  96  11:57  Drone x6  
  96  11:58  Drone x2  
  104  12:03  Hydralisk  
  104  12:04  Hydralisk x3  
  104  12:06  Queen  
  104  12:07  Queen  
  116  12:35  Extractor  
  116  12:36  Drone x2  
  116  12:37  Drone  
  118  12:38  Extractor, Drone x2  
  118  12:39  Drone, Hydralisk x4  
  118  12:40  Hydralisk x5  
  118  12:43  Zerg Ground Armor Level 2, Zerg Missile Weapons Level 2  
  138  12:48  Infestation Pit  
  137  12:58  Roach x7  
  149  13:04  Spore Crawler  
  150  13:05  Queen  
  150  13:06  Spore Crawler  
  150  13:07  Drone x5  
  150  13:11  Hydralisk x3  
  162  13:14  Ravager x2  
  162  13:15  Ravager  
  162  13:18  Zergling x10  
  170  13:30  Ravager x4  
  170  13:32  Zergling x10  
  179  13:38  Queen x2  
  185  13:59  Hive  
  185  14:01  Hatchery  
  182  14:03  Hatchery  
  175  14:54  Hydralisk  
  175  14:55  Hydralisk x7  
  175  14:57  Overlord x2  
  175  14:58  Overlord x3  
  191  15:02  Lurker Den  
  156  15:20  Roach  
  156  15:21  Roach x20  
  178  15:22  Roach x4  
  172  16:02  Roach x7  
  172  16:03  Roach x20  
  159  16:42  Roach  
  159  16:43  Roach x14  
  159  16:44  Roach x5  
  185  16:54  Ravager  
  185  16:55  Ravager  
  185  16:56  Ravager x13  
  196  17:09  Overseer  
  196  17:10  Overseer x3  
  196  17:12  Pneumatized Carapace  
  179  17:27  Roach  
  179  17:28  Roach x10  
  180  17:43  Ravager x5  
  185  17:44  Ravager x5  
  175  17:59  Roach x2  
  175  18:00  Roach x2  
  165  18:30  Roach x3  
  165  18:31  Roach x3  
  77  19:10  Hatchery  
  76  19:30  Ravager x5  
  76  19:31  Ravager  
  82  19:32  Hatchery  
  79  20:11  Spore Crawler  
  79  20:12  Spore Crawler  
  79  20:13  Spore Crawler  
Tags
 
Add a new tag
Caveats
  • Supply blocks, unpowered buildings, or Contaminate may cause inaccurate times.
  • Supply counts are checked every 10 seconds.